 Dungeon Crawl Stone Soup version 0.28-a0-863-g8cecda6153 (webtiles) character file.

Game seed: 15103779621521700003

2 cheechan the Bolt Thrower (level 1, 3/14 HPs)
             Began as an Octopode Hunter on Nov 19, 2021.
             Quit the game on level 1 of the Dungeon.
             The game lasted 00:00:44 (45 turns).

cheechan the Bolt Thrower (Octopode Hunter)           Turns: 45, Time: 00:00:45

Health: 3/14       AC:  1    Str: 11    XL:     1   Next: 40%
Magic:  1/1        EV: 13    Int: 13    God:
Gold:   0          SH:  0    Dex: 12    Spells: 0/0 levels left

rFire   . . .      SeeInvis .   a - +1 hand crossbow
rCold   . . .      Faith    .   (no shield)
rNeg    . . .      Spirit   .   (helmet restricted)
rPois   .          Reflect  .   (no amulet)
rElec   .          Harm     .   (no ring)
rCorr   .          Rampage  .   (no ring)
Will    .....                   (no ring)
Stlth   +++.......              (no ring)
HPRegen 0.04/turn               (no ring)
MPRegen 0.07/turn               (no ring)
                                (no ring)
                                (no ring)

@: no status effects
A: almost no armour, amphibious, 8 rings, camouflage 1, gelatinous body 1,
(nimble swimmer 1), tentacles
a: no special abilities


You were on level 1 of the Dungeon.
You visited 1 branch of the dungeon, and saw 1 of its levels.

Inventory:

Hand Weapons
 a - a +1 hand crossbow (weapon)
 b - a +0 short sword
Missiles
 c - 18 bolts (quivered ammo)
Scrolls
 d - a scroll of enchant weapon {unknown}


   Skills:
 + Level 2.0 Fighting
 + Level 4.0 Crossbows
 + Level 2.0 Dodging
 + Level 1.3 Stealth


You couldn't memorise any spells.
You didn't know any spells.
Your spell library was empty.

Dungeon Overview and Level Annotations

Branches:
Dungeon (1/15)

Altars:


Innate Abilities, Weirdness & Mutations

You cannot wear most types of armour.
You are amphibious.
You can wear up to eight rings at the same time.
Your skin changes colour to match your surroundings (Stealth+).
Your rubbery body absorbs attacks. (AC +1, EV +1)
((You are camouflaged near water. (Stealth+)))
You have tentacles for arms and can constrict up to eight enemies at once.


Message History

Aim: a kobold, wielding a +0 club (59% to hit)
You shoot a bolt. The bolt hits the kobold.
The kobold is severely wounded.
The rat bites you. The kobold hits you with a +0 club.
Unknown command.
Fire: 17 bolts
Press: ? - help, Shift-Dir - straight line, f/p - kobold
Aim: a kobold, wielding a +0 club (severely wounded, 59% to hit)
You shoot a bolt. The bolt closely misses the kobold.
The rat closely misses you. The kobold barely misses you. The rat bites you.
The kobold hits you with a +0 club.
* * * LOW HITPOINT WARNING * * *
Fire: 16 bolts
Press: ? - help, Shift-Dir - straight line, f/p - kobold
Aim: a kobold, wielding a +0 club (severely wounded, 59% to hit)
You shoot a bolt. The bolt hits the kobold.
You kill the kobold!
The rat barely misses you.
Unknown command.
Fire: 15 bolts
Press: ? - help, Shift-Dir - straight line, f - rat
Aim: a rat (65% to hit)
You shoot a bolt. The bolt hits the rat.
The rat is heavily wounded.
The rat misses you.
Unknown command.
Fire: 14 bolts
Press: ? - help, Shift-Dir - straight line, f/p - rat
Aim: a rat (65% to hit)
You shoot a bolt. The bolt hits the rat!
You kill the rat!
Unknown command.
c - 15 bolts (gained 2)
Things that are here:
a +0 club; a kobold corpse
c - 16 bolts (gained 1)
You see here a rat corpse.
c - 18 bolts (gained 2)
You see here a bat corpse.
Are you sure you want to abandon this character and quit the game? (Confirm with "yes".)

+....#
#.#### #.#
#.# #####.#
#.....#
###'#######
#...).[...#
#@..†.....#
#.........#
###+#######


There were no monsters in sight!

Vanquished Creatures
  A bat (D:1)
  A kobold (D:1)
  A rat (D:1)
3 creatures vanquished.

Notes
Turn   | Place    | Note
-------+----------+-------------------------------------------
     0 | D:1      | cheechan the Octopode Hunter began the quest for the Orb.
     0 | D:1      | Reached XP level 1. HP: 14/14 MP: 1/1
    45 | D:1      | Quit the game

Illustrated notes

Levels and vault maps discovered:
D:1:      elethiomel_arrival_shortcut, layout_basic,
          dreamdust_ecumenical_altar_angels_and_demons

Action                   || total
-------------------------++-------
 Fire: Hand crossbow     ||     7
Dodge: Dodged            ||     7

Table legend: (Time is in decaauts)
 A = Elapsed time spent in this place.
 B = Non-inter-level travel time spent in this place.
 C = Inter-level travel time spent in this place.
 D = Time resting spent in this place.
 E = Time spent auto-exploring this place.
 F = Levels seen in this place.
 G = Mean time per level.
                   A        B        C        D        E       F      G
               +--------+--------+--------+--------+--------+-----+--------+
         Total |     47 |     47 |      0 |      0 |      0 |   1 |   47.0 |
       Dungeon |     47 |     47 |      0 |      0 |      0 |   1 |   47.0 |
               +--------+--------+--------+--------+--------+-----+--------+

Top non-repeatable levels by time:
     D:1: 47 daAuts
